 Dungeon Crawl Stone Soup version 0.28.0-43-g3370ac3207 (webtiles) character file.

Game seed: 1459289436838998997

126 infinitevox the Ducker (level 4, 0/30 HPs)
             Began as a Demonspawn Hedge Wizard on Mar 9, 2022.
             Succumbed to an adder's poison
             ... on level 3 of the Dungeon.
             The game lasted 00:08:01 (2817 turns).

infinitevox the Ducker (Demonspawn Hedge Wizard)    Turns: 2817, Time: 00:08:02

Health: 0/30       AC:  4    Str:  7 (10) XL:     4   Next: 83%
Magic:  7/8        EV: 16    Int: 22 (24) God:
Gold:   123        SH:  0    Dex: 10 (12) Spells: 8/9 levels left

rFire   . . .      SeeInvis .   a - +0 dagger
rCold   . . .      Faith    .   (no shield)
rNeg    . . .      Spirit   .   b - +0 robe
rPois   .          Reflect  .   c - +0 hat
rElec   .          Harm     .   (no cloak)
rCorr   .          Rampage  .   (no gloves)
Will    .....                   (no boots)
Stlth   ++........              k - amulet of magic regeneration
HPRegen 0.10/turn               d - +4 ring of evasion
MPRegen 0.51/turn               h - +6 ring of intelligence

@: lethally poisoned (0 -> -3), flying (expiring)
A: yellow scales 1
a: no special abilities


You were on level 3 of the Dungeon.
You visited 1 branch of the dungeon, and saw 3 of its levels.

You collected 123 gold pieces.

Inventory:

Hand Weapons
 a - a +0 dagger (weapon)
Armour
 b - a +0 robe (worn)
 c - a +0 hat (worn)
Jewellery
 d - a +4 ring of evasion (left hand)
 h - a +6 ring of intelligence (right hand)
 k - an amulet of magic regeneration (around neck)
Scrolls
 g - a scroll of identify
 i - a scroll of enchant weapon
 n - a scroll of teleportation {unknown}
 p - a scroll of enchant armour {unknown}


   Skills:
 + Level 4.0 Dodging
 - Level 3.0 Stealth
 - Level 3.0 Spellcasting
 - Level 1.0 Conjurations
 - Level 1.0 Summonings
 + Level 1.0 Translocations


You had 8 spell levels left.
You knew the following spells:

 Your Spells              Type           Power      Damage    Failure   Level
a - Magic Dart            Conj           28%        1d4       9%          1

Your spell library contained the following spells:

 Spells                   Type           Power      Damage    Failure   Level
 Animate Skeleton         Necr           6%         N/A       12%         1
 Pain                     Necr           12%        1d4       12%         1
 Slow                     Hex            12%        N/A       12%         1
 Blink                    Tloc           14%        N/A       12%         2
 Call Imp                 Summ           7%         N/A       12%         2
 Conjure Flame            Conj/Fire      5%         6-21      30%         3
 Mephitic Cloud           Conj/Pois/Air  4%         N/A       32%         3
 Vampiric Draining        Necr           3%         2d6       36%         3


Dungeon Overview and Level Annotations

Branches:
Dungeon (3/15)

Altars:


Innate Abilities, Weirdness & Mutations

You are partially covered in yellow scales. (AC +2)


Message History

The magic dart hits the adder.
The adder is almost dead.
You feel very sick. The adder bites you but does no damage.
You aren't carrying any potions.
As you read the scroll labelled VUEWYC QOARUN, it crumbles to dust.
The creatures around you are filled with an inner flame!
It was a scroll of immolation.
You feel sick. The adder barely misses you.
As you read the scroll labelled HENURUPNODA, it crumbles to dust.
It is a scroll of identify.
i - a scroll of enchant weapon
* * * LOW HITPOINT WARNING * * *
You feel sick. The adder bites you.
* * * LOW HITPOINT WARNING * * *
Blink to where?
Press: ? - help, Dir - move target, p - adder
As you read the scroll labelled ABEYQE QOTO, it crumbles to dust.
It was a scroll of blinking.
* * * LOW HITPOINT WARNING * * *
You feel sick. The adder is attracted toward you.
Robin is attracted toward you.
You feel less attractive to monsters.
Unknown command.
Casting: Magic Dart (safe; 9% risk of failure)
Confirm with . or Enter, or press ? or * to list all spells.
Aiming: Magic Dart (safe; 9% risk of failure)
Press: ? - help, Shift-Dir - straight line, f - adder
Aim: an adder (almost dead, inner flame, 100% to hit)
The magic dart hits the adder.
The adder explodes!
The fiery explosion engulfs Robin!
Robin explodes!
* * * LOW HITPOINT WARNING * * *
You feel sick.
Your Dodging skill increases to level 4!
* * * LOW HITPOINT WARNING * * *
You feel sick.
Unknown command.
As you read the scroll labelled LUOCIU LOHI, it crumbles to dust.
You feel a surge of unholy energy.
It was a scroll of torment.
You die...

..#####................#
.)......<...............#
........................#
...#####................#
####..####................#
.........................##
.................##.....##
.................########
..........######@##
..........######..######
..........##............#
..........##..§§....###.#
g###..######.§§......... .
#...### #§§§§...#.... .#
#.....###§§.....#.###
..####..g.)§............#
#...#...#####.........#.#


There were no monsters in sight!

Vanquished Creatures
  Jessica (D:2)
  Robin (D:3)
  3 adders
  A worm (D:2)
  3 dart slugs (D:1)
  3 bats
  3 endoplasms (D:1)
  7 hobgoblins
  2 jackals (D:2)
  5 kobolds
  3 quokkas
  A ball python (D:3)
  3 frilled lizards
  10 goblins
  8 rats
54 creatures vanquished.

Notes
Turn   | Place    | Note
-------+----------+-------------------------------------------
     0 | D:1      | infinitevox the Demonspawn Hedge Wizard began the quest for
                  | the Orb.
     0 | D:1      | Reached XP level 1. HP: 13/13 MP: 4/4
   154 | D:1      | Reached skill level 1 in Translocations
   212 | D:1      | Reached skill level 2 in Dodging
   397 | D:1      | Gained mutation: You are partially covered in yellow
                  | scales. (AC +2) [demonic ancestry]
   397 | D:1      | Reached XP level 2. HP: 8/19 MP: 6/6
  1453 | D:2      | Reached XP level 3. HP: 24/24 MP: 4/7
  1602 | D:2      | Noticed Jessica
  1642 | D:2      | Killed Jessica
  1643 | D:2      | Reached skill level 3 in Dodging
  1643 | D:2      | Reached XP level 4. HP: 3/30 MP: 8/8
  2642 | D:3      | Noticed Robin
  2815 | D:3      | Killed Robin
  2816 | D:3      | Reached skill level 4 in Dodging
  2816 | D:3      | HP: 1/30 [poisoned by an adder]
  2817 | D:3      | Succumbed to an adder's poison

Illustrated notes

Levels and vault maps discovered:
D:1:      minmay_arrival_hallway, layout_loops_ring, minmay_crystal_room
D:2:      layout_basic, kennysheep_jessica_study
D:3:      layout_rooms, grunt_temple_overflow_growth_and_decay,
          pdpol_wu_jian_five_deadly_venoms, nicolae_gozag_seed_capital,
          mainiacjoe_overflow_six_doors_small, uniq_robin

Skill      XL: |  1  2  3  4 |
---------------+-------------+-----
Translocations | 1 |  1.0
Dodging        | 2 3 4 |  4.0
Stealth        | 2 3 |  3.0
Spellcasting   | |  3.0
Conjurations   | |  1.0
Summonings     | |  1.0

Action                   |  1- 3 |  4- 6 || total
-------------------------+-------+-------++-------
Melee: Dagger            |    94 |    85 ||   179
       Punch             |     3 |     1 ||     4
 Cast: Magic Dart        |    46 |    32 ||    78
  Use: Potion            |     2 |     5 ||     7
       Scroll            |       |     4 ||     4
 Stab: Sleeping          |     3 |     3 ||     6
       Invisible         |     1 |       ||     1
Armor: Robe              |    19 |     8 ||    27
       Skin              |       |    23 ||    23
Dodge: Dodged            |    98 |    45 ||   143
